 Dungeon Crawl Stone Soup version 0.30.0-29-ga12c61a403 (webtiles) character file.

Game seed: 7576775594187816912

1859933 vfn1303 the Imperceptible (level 27, 163/163 HPs)
             Began as a Vine Stalker Berserker on June 13, 2023.
             Was the Champion of Trog.
             Escaped with the Orb
             ... and 3 runes!
             The game lasted 02:25:27 (58228 turns).

vfn1303 the Imperceptible (Vine Stalker Berserker) Turns: 58228, Time: 02:25:27

Health: 163/163    AC: 50    Str: 35    XL:     27
Magic:  31/33      EV: 14    Int:  7    God:    Trog [******]
Gold:   5602       SH: 39    Dex: 24    Spells: 26/26 levels left

rFire   + + .        f - +2 Maxwell's thermic engine {flame, freeze, rev}
rCold   + . .        G - +10 tower shield of Ignorance {rN+ Int-4}
rNeg    + . .        s - +12 gold dragon scales
rPois   +            y - +1 helmet of Requpaes {rElec rF- Regen+ Str+3}
rElec   +            O - +4 dragonskin cloak
rCorr   .            x - +0 pair of gloves "Baluschod" {+Inv rF+ Str+6}
SInv    +            w - +0 pair of boots {Stlth+}
Will    ++++.        A - amulet "Teexo" {Reflect rElec Str+3 Dex+3 SH+5 SInv}
Stlth   +            T - ring of the Voivode {MP+9 AC+4}
HPRegen 2.07/turn    Y - ring of Youthful Indiscretion {rF+ Will+}
MPRegen 0.23/turn

%: reflection, guardian spirit
@: on berserk cooldown, slowed, studying Short Blades, very slow
A: fangs 3, regeneration 1, magic shield, antimagic bite, no potion heal 2,
deterioration 1, electricity resistance
0: Orb of Zot
}: 3/15 runes: decaying, serpentine, silver
a: Renounce Religion, Evoke Invisibility, Berserk, Trog's Hand, Brothers in Arms


You escaped.
You worshipped Trog.
Trog was exalted by your worship.
You visited 10 branches of the dungeon, and saw 50 of its levels.
You also visited: Trove, Ossuary, Bailey and Gauntlet.

You collected 8356 gold pieces.
You spent 2754 gold pieces at shops.

Inventory:

Hand Weapons
 f - the +2 Maxwell's thermic engine (weapon) {flame, freeze, rev}
   (You acquired it on level 5 of the Vaults)
 I - the +8 dagger "Soaczer" {freeze, *Slow rElec rC++ Int+3}
   (You bought it in a shop on level 1 of the Dungeon)

   Int:       It affects your intelligence (+3).
   rC:        It greatly protects you from cold.
   rElec:     It insulates you from electricity.
   *Slow:     It may slow you when you take damage.
 M - the +10 short sword of Compulsion {flame, rC+ rN+++ rCorr MP-9}
   (Trog gifted it to you on level 12 of the Dungeon)

   rC:        It protects you from cold.
   rN:        It renders you almost immune to negative energy.
   MP:        It affects your magic capacity (-9).
   rCorr:     It protects you from acid and corrosion.
 Q - a +9 quick blade of electrocution
Missiles
 N - 3 throwing nets (quivered)
Armour
 s - +12 gold dragon scales (worn)
 w - a +0 pair of boots of stealth (worn)
 x - the +0 pair of gloves "Baluschod" (worn) {+Inv rF+ Str+6}
   (You found it in a treasure trove)

   Str:       It affects your strength (+6).
   rF:        It protects you from fire.
   +Inv:      It lets you turn invisible.
 y - the +1 helmet of Requpaes (worn) {rElec rF- Regen+ Str+3}
   (You found it on level 15 of the Dungeon)

   Str:       It affects your strength (+3).
   rF:        It makes you vulnerable to fire.
   rElec:     It insulates you from electricity.
   Regen:     It increases your rate of health regeneration.
 G - the +10 tower shield of Ignorance (worn) {rN+ Int-4}
   (You bought it in a shop on level 2 of the Orcish Mines)

   Int:       It affects your intelligence (-4).
   rN:        It protects you from negative energy.
 O - the +4 dragonskin cloak (worn)
   (You took it off Tiamat on level 3 of the Realm of Zot)

   Avatar's Aegis: It grants the wearer a chance to resist fire, cold, poison,
   electricity, acid, and negative energy.
 U - a +1 tower shield of resistance
Jewellery
 b - the ring "Bunkosho" {*Corrode +Blink rF- rN+++ Int+6}
   (You took it off a deep elf high priest on level 3 of the Elven Halls)

   [ring of intelligence]

   Int:       It affects your intelligence (+6).
   rF:        It makes you vulnerable to fire.
   rN:        It renders you almost immune to negative energy.
   +Blink:    It lets you blink.
   *Corrode:  It may corrode you when you take damage.
 k - a ring of resist corrosion
 p - a ring of flight
 v - a +5 ring of evasion
 A - the amulet "Teexo" (around neck) {Reflect rElec Str+3 Dex+3 SH+5 SInv}
   (You found it on level 3 of the Elven Halls)

   [amulet of reflection]

   It reflects blocked missile attacks.
   Str:       It affects your strength (+3).
   Dex:       It affects your dexterity (+3).
   rElec:     It insulates you from electricity.
   SInv:      It lets you see invisible.
   SH:        It affects your SH (+5).
 C - the amulet of the Four Winds {rN+ Will+++ Clar}
   (You found it on level 3 of the Crypt)

   [amulet of nothing]

   rN:        It protects you from negative energy.
   Clar:      It protects you from confusion, rage, mesmerisation and fear.
   Will:      It greatly increases your willpower.
 D - the ring of Ylukk {Fire MP-9 SInv Stlth+}
   (You found it in a Gauntlet)

   [ring of fire]

   It enhances your fire magic.
   rF:        It protects you from fire.
   rC:        It makes you vulnerable to cold.
   MP:        It affects your magic capacity (-9).
   SInv:      It lets you see invisible.
   Stlth:     It makes you more stealthy.
 T - the ring of the Voivode (left hand) {MP+9 AC+4}
   (You took it off a minotaur in a Gauntlet)

   [ring of protection]

   AC:        It affects your AC (+4).
   MP:        It affects your magic capacity (+9).
 Y - the ring of Youthful Indiscretion (right hand) {rF+ Will+}
   (You found it on level 5 of the Lair of Beasts)

   [ring of willpower]

   rF:        It protects you from fire.
   Will:      It increases your willpower.
Wands
 g - a wand of digging (19)
 j - a wand of roots (60)
 K - a wand of quicksilver (17)
Scrolls
 a - a scroll of butterflies
 c - 12 scrolls of poison
 l - 7 scrolls of magic mapping
 m - a scroll of fear
 r - 5 scrolls of enchant weapon
 t - 19 scrolls of teleportation
 z - 3 scrolls of blinking
 B - 3 scrolls of immolation
 H - 8 scrolls of vulnerability
 V - 4 scrolls of brand weapon
 W - 2 scrolls of enchant armour
 X - 13 scrolls of fog
 Z - 2 scrolls of silence
Potions
 d - 13 potions of might
 e - 12 potions of brilliance
 h - 6 potions of haste
 i - 9 potions of mutation
 n - 5 potions of resistance
 q - 33 potions of curing
 u - 7 potions of attraction
 E - 3 potions of flight
 J - 7 potions of berserk rage
 L - 3 potions of cancellation
 P - 5 potions of invisibility
 R - 5 potions of magic
 S - 7 potions of lignification
Miscellaneous
 o - a box of beasts
 F - a condenser vane


   Skills:
 - Level 22.4 Fighting
 - Level 10.0(13.6) Short Blades
 - Level 14.8(16.0) Long Blades
 - Level 2.3 Ranged Weapons
 - Level 17.9 Armour
 - Level 9.6 Dodging
 - Level 24.6 Stealth
 - Level 21.0 Shields
 + Level 19.3 Evocations


You had 26 spell levels left.
You didn't know any spells.
Your spell library was empty.

Dungeon Overview and Level Annotations

Branches:
Dungeon (15/15)            Temple (0/1) D:4            Lair (5/5) D:9
  Swamp (4/4) Lair:3        Snake (4/4) Lair:3        Slime (0/5) Lair:4
    Orc (2/2) D:11            Elf (3/3) Orc:2        Vaults (5/5) D:13
  Crypt (3/3) Vaults:2       Tomb (0/3) Crypt:3      Depths (4/4) D:15
    Zot (5/5) Depths:4    Ossuary (visited)          Bailey (visited)
Gauntlet (visited)

Altars:
Cheibriados
Dithmenos
Fedhas
Gozag
Kikubaaqudgha
Nemelex Xobeh
Okawaru
Qazlal
Ru
Sif Muna
Trog
Vehumet
Wu Jian
Xom
Yredelemnul
Zin
The Shining One
Jiyva

Shops:
D:1 (   D:5 :   D:6 [   D:10 *   D:14 *   D:15 !   Orc:1 *   Orc:2 ((?[:*
Elf:1 *   Elf:2 !   Elf:3 :!=*   Snake:3 =:=   Snake:4 :   Vaults:4 (=
Depths:2 [((

Portals:
Hell: Depths:2 Depths:3 Depths:4
Abyss: Depths:1 Depths:3
Pandemonium: Depths:2 Depths:4
Ziggurat: Depths:1

Annotations:
D:6 1 runed translucent door, Zippel's ghost, novice GrWn
D:11 2 transporters, Qoureejo's ghost, journeyman GnWn
D:14 3 runed translucent doors, Iryleih's ghost, journeyman MiFi
Depths:1 2 transporters, Sullah's ghost, adept TrMo


Innate Abilities, Weirdness & Mutations

You have razor-sharp teeth.
Your natural rate of healing is unusually fast.
When hurt, damage is shared between your health and your magic reserves.
Your bite disrupts and absorbs the magic of your enemies.
Potions cannot restore your health.
Your body sometimes deteriorates upon taking damage.
You are resistant to electric shocks. (rElec)


Message History

You slice Yphui!! Your bite misses Yphui.
Yphui is moderately wounded.
You hear a hideous shriek!
You barely miss Yphui. Your bite misses Yphui.
Yphui is moderately wounded.
You block Yphui's attack.
You slash Yphui! You bite Yphui! You drain its power.
You feel invigorated.
Yphui is moderately wounded.
You block Yphui's attack.
You completely miss Yphui. Your bite misses Yphui.
Yphui is moderately wounded.
You block Yphui's attack.
You miss Yphui. Your bite misses Yphui.
Yphui is moderately wounded.
You closely miss Yphui. Your bite misses Yphui.
Yphui is moderately wounded.
You block Yphui's attack.
An Executioner comes into view.
You slice Yphui!! You burn Yphui. Your bite misses Yphui.
Yphui is heavily wounded.
You block Yphui's attack.
You miss Yphui. Your bite misses Yphui.
Yphui is heavily wounded.
You block Yphui's attack.
You slash Yphui! You bite Yphui! You drain its power.
You feel invigorated.
Yphui is heavily wounded.
You miss Yphui.
Yphui is heavily wounded.
You are no longer berserk.
You are exhausted.
You feel yourself slow down. You block Yphui's attack.
You miss Yphui. Your bite misses Yphui.
Yphui is heavily wounded.
You block Yphui's attack.
The Executioner gestures.
The Executioner seems to speed up.
You block Yphui's attack. You block Yphui's attack.
There is a staircase leading out of the dungeon here.
You block Yphui's attack. x2
You have escaped!

......# #......#
#.....#......#. ......#
#......# #.###.#.####.#.
......###......#
#.......#.##.#.
.......##......#
#.#.#.###....#.
...............## #...#.#
#.####.
......####......#######.# #.#
#. #.....# ######.....)...#
#.# #. ..#####
#######.&.>###.####. #.#
####..@###.....##...... #.#
#.♣##&##P..#...######## #.#
####~~♣#1#♣~~.....## #.#
#...~~~~2~~~~♣#.#..# #.#
#.##~~♣#'#♣~~##.##.#
#.######.##.♣##.##~.##.##.###
#........#####...#####......#
.........# #######......#.#
.........# #...#.####.##


You could see Yphui, an Executioner (fast) and a hellion.

Vanquished Creatures
  A seraph (Depths:3)
  The ghost of McKennaii the Sorcerer, a master DgCj (Zot:5)
  Tiamat (Zot:3)
  Mara (Swamp:4)
  2 dread liches
  6 ancient liches
  The ghost of Beclu the Imperceptible, a legendary GnSk of Dithmenos (Zot:4)
  4 orbs of fire (Zot:5)
  The ghost of Flapstick the Slayer, a legendary HaBe of Trog (Zot:4)
  The ghost of ShutUppercut the Conqueror, a legendary DsGl of Qazlal (Zot:4)
  Vv (Depths:3)
  Sojobo (Depths:2)
  The ghost of martbhell the Conqueror, a veteran MiBe of Trog (Zot:4)
  Bai Suzhen (Crypt:2)
  7 Killer Klowns
  The ghost of fedoskokos the Slayer, a veteran MiFi of the Shining One (Zot:4)
  The ghost of Emnejil the Slayer, a master VSBe of Trog (Zot:5)
  Vashnia (Snake:2)
  Saint Roka (Snake:2)
  5 curse toes
  A caustic shrike (Depths:4)
  7 golden dragons
  The ghost of Vailuoroe the Devastator, a veteran GrEE of Lugonu (Crypt:1)
  A bone dragon (Crypt:3)
  2 pandemonium lords
  The ghost of Kucw the Warrior, an adept GrFi of Cheibriados (Crypt:1)
  3 electric golems
  A shard shrike zombie (Crypt:1)
  16 tentacled monstrosities
  Jorgrun (Elf:1)
  A Hell Sentinel (Zot:2)
  27 Orb Guardians
  Rupert (D:14)
  An Ice Fiend (Zot:5)
  4 quicksilver dragons
  Asterion (Depths:1)
  3 liches
  3 titans
  Mlioglotl (Swamp:2)
  3 deep elf blademasters
  10 death cobs
  2 deep elf master archers (Elf:3)
  Frances (D:12)
  4 sphinxes
  The ghost of brae the Bludgeoner, an adept HuBe of Trog (D:15)
  7 ancient champions
  Kirke (D:12)
  3 thorn hunters
  13 shadow dragons
  Donald (Swamp:2)
  Agnes (D:15)
  9 draconian monks
  A daeva (Depths:3)
  7 tengu reavers
  14 storm dragons
  4 revenants
  13 fire giants
  6 deep elf sorcerers
  A balrug (Zot:2)
  5 nagarajas
  9 frost giants
  4 draconian scorchers
  5 draconian knights
  An orc warlord (Bailey)
  4 ghost moths
  6 deep elf elementalists
  9 vault wardens
  A curse skull (Crypt:1)
  2 draconian shifters (Zot:1)
  Louise (Snake:2)
  2 angels
  A quicksilver ooze (Gauntlet)
  2 iron dragons
  10 ghouls
  13 ironbound preservers
  A quicksilver ooze (shapeshifter) (Vaults:5)
  A hydra skeleton (Swamp:4)
  24 very ugly things
  2 juggernaut skeletons (Crypt:3)
  7 war gargoyles
  9 deep elf demonologists
  3 caustic shrike skeletons (Crypt:3)
  A demonspawn black sun (Depths:3)
  9 ironbound thunderhulks
  9 vampire knights
  4 eleionomae
  26 stone giants
  2 spriggan defenders (Depths:3)
  Nessos (D:14)
  15 purple draconians
  8 dire elephants
  9 bunyips
  5 green draconians
  A minotaur (Gauntlet)
  13 yellow draconians
  3 deep elf annihilators
  9 black draconians
  6 white draconians
  9 red draconians
  5 eidola
  A green death (Depths:1)
  10 spark wasps
  5 jiangshi
  11 deep elf death magi
  13 ettins
  3 fire dragons
  2 shambling mangroves
  2 crystal guardians
  3 blizzard demons
  Josephine (Snake:1)
  16 yaktaur captains
  A salamander tyrant (Snake:4)
  5 deep elf high priests
  2 entropy weavers
  4 ogre magi
  6 great orbs of eyes
  5 ice dragons
  2 rakshasas (Depths:1)
  3 hell beasts
  11 ironbound frosthearts
  11 alligators
  26 vault guards
  4 peacekeepers
  6 catoblepae
  8 hydras
  19 centaur warriors
  4 anacondas
  5 boulder beetles
  30 dancing weapons
  2 quicksilver dragon skeletons (Crypt:3)
  3 spriggan air magi
  A spriggan skeleton (Crypt:3)
  2 death knights
  A death scarab (Gauntlet)
  8 vampire magi
  3 deep troll shamans
  6 tengu warriors
  2 deep troll earth magi
  8 naga warriors
  22 two-headed ogres
  13 death yaks
  An orc high priest (Elf:1)
  20 naga sharpshooters
  8 spriggan berserkers
  3 sun demons
  Sonja (D:12)
  5 soul eaters
  A shock serpent (Snake:3)
  2 iron trolls (Depths:4)
  7 hell knights (Depths:4)
  5 salamander mystics
  A skyshark (Lair:5)
  6 titan skeletons
  15 deep elf knights
  24 skeletal warriors
  2 sixfirhies
  A fire crab (shapeshifter) (D:13)
  3 goliath frogs
  A large abomination (Zot:2)
  2 shadow wraiths
  5 flayed ghosts
  3 cherubim
  3 glowing orange brains
  6 swamp dragons
  7 spriggan druids
  9 bog bodies
  2 bunyip skeletons (Crypt:3)
  7 naga ritualists
  13 ironbound convokers
  An obsidian statue (Zot:5)
  2 orange crystal statues
  9 deep elf archers
  35 deep trolls
  13 phantasmal warriors
  An anaconda skeleton (Crypt:3)
  9 orc knights
  11 wizards
  21 deep elf zephyrmancers
  3 harpies (Vaults:2)
  10 necromancers
  A spectral hydra (Swamp:4)
  5 orc sorcerers
  3 oklob plants (Swamp:4)
  8 will-o-the-wisps
  13 lindwurms
  10 mana vipers
  42 ugly things
  14 salamanders
  31 deep elf pyromancers
  A mana viper (shapeshifter) (Vaults:5)
  A stone giant zombie (Vaults:4)
  7 manticores
  21 moths of wrath
  4 cyclopes
  A goliath frog skeleton (Crypt:2)
  2 guardian serpents
  A shock serpent zombie (Crypt:2)
  A fire giant skeleton (Crypt:1)
  A guardian serpent (shapeshifter) (Elf:1)
  27 black mambas
  2 torpor snails
  2 smoke demons
  4 elephants (Lair:5)
  15 naga magi
  A rust devil (D:8)
  16 vault sentinels
  2 orange demons
  A gargoyle (D:12)
  11 cane toads
  5 centaur skeletons
  6 unseen horrors
  2 kobold demonologists (D:11)
  A catoblepas zombie (Crypt:1)
  A rime drake (shapeshifter) (D:14)
  6 freezing wraiths
  3 efreet
  2 shock serpent skeletons (Crypt:2)
  3 dire elephant skeletons (Crypt:3)
  3 rime drakes
  10 komodo dragons
  5 tengu conjurers
  20 yaktaurs
  A black draconian skeleton (Crypt:1)
  An iron troll zombie (Crypt:2)
  5 ice devils
  8 trolls
  A bloated husk (Swamp:2)
  A silent spectre (Vaults:4)
  A merfolk (shapeshifter) (D:14)
  2 hydra zombies (Swamp:4)
  A catoblepas skeleton (Crypt:3)
  4 hellwings (Depths:3)
  A meliai (D:14)
  2 red devils
  A hornet (shapeshifter) (Vaults:5)
  2 death drake zombies (Swamp:4)
  A tarantella (shapeshifter) (Depths:3)
  21 blink frogs
  2 polar bears (Lair:5)
  4 tyrant leeches
  13 hornets
  A raiju (Gauntlet)
  A tarantella (Vaults:4)
  Prince Ribbit (D:9)
  An ice dragon zombie (Crypt:3)
  A centaur simulacrum (D:14)
  A flying skull (Crypt:1)
  A slime creature (shapeshifter) (Vaults:5)
  A shadow (D:11)
  69 slime creatures
  8 water elementals
  A merfolk skeleton (Crypt:3)
  Sigmund (D:6)
  11 spriggans
  2 vampires
  A yak (shapeshifter) (Vaults:5)
  2 wyverns (D:9)
  12 wraiths
  Grum (D:9)
  51 yaks
  A redback (Vaults:4)
  2 steam dragons
  4 basilisks
  3 neqoxecs
  4 vampire mosquitoes (D:12)
  7 hogs (D:12)
  Menkaure (D:6)
  30 nagas
  3 wargs
  13 swamp worms
  A spectral cane toad (Gauntlet)
  An acid dragon (D:14)
  Edmund (D:6)
  15 water moccasins
  3 hell hounds (Zot:1)
  Duvessa (D:6)
  A floating eye (shapeshifter) (D:14)
  5 hydra simulacra (Swamp:4)
  51 orc warriors
  7 swamp drakes
  2 naga skeletons (Crypt:3)
  A black bear (D:7)
  4 ice beasts
  2 sky beasts (D:7)
  6 ogres
  A cane toad skeleton (Crypt:1)
  A swamp dragon zombie (Swamp:4)
  5 boggarts (Vaults:2)
  A dream sheep skeleton (Crypt:2)
  An elephant zombie (Crypt:3)
  A lindwurm skeleton (Crypt:3)
  18 wolves
  3 swamp dragon skeletons
  18 centaurs
  6 phantoms
  7 kobold brigands
  2 elf zombies (Ossuary)
  A draconian skeleton (Crypt:1)
  2 necrophages
  2 gnoll sergeants
  5 bullfrogs
  3 earth elementals
  A scorpion (D:9)
  An elf skeleton (Crypt:3)
  A human skeleton (Vaults:4)
  27 wights
  Dowan (D:6)
  4 killer bees (D:9)
  2 electric eels
  4 howler monkeys
  A yak skeleton (Crypt:1)
  A crimson imp (D:4)
  3 hounds
  A quasit (D:11)
  5 human zombies
  2 centaur zombies (Ossuary)
  5 jellies
  A gnoll bouda (D:6)
  Crazy Yiuf (D:3)
  A bullfrog skeleton (Crypt:2)
  13 orc priests
  A basilisk skeleton (Crypt:2)
  Ijyb (D:4)
  A basilisk zombie (Crypt:3)
  2 iguanas
  18 orc wizards
  6 hell rats (Lair:4)
  A deep dwarf skeleton (Crypt:1)
  A hound zombie (D:2)
  A boggart simulacrum (D:14)
  2 mummies (Ossuary)
  A howler monkey skeleton (Crypt:2)
  24 gnolls
  6 adders
  2 ufetubi
  An adder zombie (D:2)
  2 worms
  4 dart slugs
  81 orcs
  14 ball pythons
  A bat zombie (D:2)
  11 endoplasms
  4 giant cockroaches
  17 goblins
  A goblin (shapeshifter) (Vaults:5)
  18 hobgoblins
  A jackal (shapeshifter) (Vaults:5)
  5 jackals
  7 quokkas
  12 bats
  6 frilled lizards
  2 goblin skeletons (D:4)
  2 goblin zombies
  11 hobgoblin zombies
  A jackal skeleton (D:2)
  A jackal zombie (Ossuary)
  29 kobolds
  2 kobold skeletons (D:4)
  10 kobold zombies
  9 orc zombies (Ossuary)
  A quokka skeleton (D:2)
  4 rats
  2 rat zombies
2243 creatures vanquished.

Vanquished Creatures (collateral kills)
  A thorn hunter (Swamp:4)
  A storm dragon (Zot:5)
  A purple draconian (Zot:4)
  A swamp dragon (Swamp:4)
  A will-o-the-wisp (Swamp:4)
  A hydra zombie (Swamp:4)
  A swamp drake (Swamp:4)
7 creatures vanquished.

Vanquished Creatures (others)
  A demonspawn blood saint (Depths:3)
  A bunyip (Swamp:1)
  A naga sharpshooter (Snake:4)
  A deep elf knight (Elf:2)
  A rust devil (D:14)
  2 bloated husks (Swamp:1)
  A tyrant leech (Swamp:1)
  3 orcs
  36 foxfires
47 creatures vanquished.

Grand Total: 2297 creatures vanquished

Notes
Turn   | Place    | Note
-------+----------+-------------------------------------------
     0 | D:1      | vfn1303 the Vine Stalker Berserker began the quest for the
                  | Orb.
     0 | D:1      | Reached XP level 1. HP: 11/11 MP: 2/2
   161 | D:1      | Reached skill level 1 in Stealth
   165 | D:1      | Reached XP level 2. HP: 13/16 MP: 3/3
   461 | D:1      | Found Nyawy's Antique Weapon Shoppe.
   741 | D:1      | Found a faded altar of an unknown god.
   811 | D:1      | Reached XP level 3. HP: 20/20 MP: 4/4
   816 | D:1      | Reached skill level 2 in Stealth
  1200 | D:2      | Reached ** piety under Trog
  1256 | D:2      | Gained mutation: Your natural rate of healing is unusually
                  | fast. [Vine Stalker growth]
  1256 | D:2      | Reached XP level 4. HP: 19/24 MP: 2/5
  1409 | D:2      | Reached skill level 3 in Stealth
  1579 | D:2      | Reached XP level 5. HP: 27/28 MP: 4/6
  1765 | D:3      | Found a runed translucent door.
  1766 | D:3      | Noticed Crazy Yiuf
  2025 | D:3      | Reached *** piety under Trog
  2735 | D:3      | Killed Crazy Yiuf
  2736 | D:3      | Reached skill level 4 in Stealth
  2736 | D:3      | Reached XP level 6. HP: 33/33 MP: 3/7
  2770 | D:4      | You are sucked into a shaft and drop 3 floors!
  2832 | D:7      | Noticed an ice beast
  2851 | D:7      | Noticed an orc warrior
  2874 | D:7      | Killed an orc warrior
  2880 | D:7      | Noticed a sky beast
  2909 | D:7      | Noticed a black bear
  2913 | D:7      | Reached skill level 5 in Stealth
  2913 | D:7      | Reached XP level 7. HP: 38/38 MP: 8/8
  2922 | D:7      | Found a sand-covered staircase.
  3036 | D:7      | Reached skill level 5 in Fighting
  3066 | Ossuary  | Entered an ossuary
  3220 | Ossuary  | Reached skill level 5 in Short Blades
  3428 | Ossuary  | Reached skill level 6 in Stealth
  3463 | Ossuary  | Gained mutation: You have razor-sharp teeth. [Vine Stalker
                  | growth]
  3463 | Ossuary  | Reached XP level 8. HP: 43/43 MP: 9/9
  3499 | Ossuary  | Reached **** piety under Trog
  3734 | D:7      | Reached skill level 7 in Stealth
  3930 | D:6      | Noticed Menkaure
  3942 | D:6      | Killed Menkaure
  4038 | D:6      | Noticed Dowan
  4046 | D:6      | Noticed Duvessa
  4054 | D:6      | Killed Duvessa
  4055 | D:6      | Reached skill level 8 in Stealth
  4055 | D:6      | Reached XP level 9. HP: 49/49 MP: 10/10
  4058 | D:6      | Killed Dowan
  4157 | D:6      | Found Toik's Antique Armour Boutique.
  4171 | D:6      | Found a runed translucent door.
  4172 | D:6      | Noticed Zippel's ghost (novice GrWn)
  4184 | D:5      | Entered Level 5 of the Dungeon
  4184 | D:5      | Found a glowing silver altar of Zin.
  4231 | D:5      | Noticed an angel
  4234 | D:5      | Found a shimmering altar of Xom.
  4324 | D:5      | Reached skill level 9 in Stealth
  4659 | D:1      | Bought a bone dagger for 147 gold pieces
  4659 | D:1      | Identified the +8 dagger "Soaczer" {freeze, *Slow rElec
                  | rC++ Int+3} (You bought it in a shop on level 1 of the
                  | Dungeon)
  4773 | D:4      | Found an iron altar of Okawaru.
  5009 | D:4      | Reached ***** piety under Trog
  5067 | D:4      | Found a glowing golden altar of the Shining One.
  5073 | D:4      | Noticed Ijyb
  5091 | D:4      | Killed Ijyb
  5294 | D:4      | Found a staircase to the Ecumenical Temple.
  5402 | D:5      | Found Zoonezau's Book Shop.
  5549 | D:5      | Found an ornate altar of the Wu Jian Council.
  5673 | D:6      | Noticed Sigmund
  5689 | D:6      | Killed Sigmund
  5812 | D:6      | Noticed Edmund
  5827 | D:6      | Killed Edmund
  6097 | D:7      | Reached XP level 10. HP: 42/52 MP: 11/11
  6980 | D:8      | Found a sparkling altar of Nemelex Xobeh.
  6980 | D:8      | Found a transporter.
  6980 | D:8      | Noticed a centaur warrior
  6980 | D:8      | Noticed a centaur warrior
  6999 | D:8      | Killed a centaur warrior
  7002 | D:8      | Killed a centaur warrior
  7003 | D:8      | Reached skill level 10 in Short Blades
  7138 | D:8      | Reached skill level 10 in Stealth
  7251 | D:8      | Found a radiant altar of Vehumet.
  7521 | D:9      | Noticed a two-headed ogre
  7555 | D:9      | Killed a two-headed ogre
  7556 | D:9      | Reached skill level 11 in Stealth
  7556 | D:9      | Reached XP level 11. HP: 60/60 MP: 12/12
  7623 | D:9      | Found a flagged portal.
  7634 | Bailey   | Entered a bailey
  7762 | Bailey   | Noticed an orc knight
  7786 | Bailey   | Killed an orc knight
  7903 | Bailey   | Noticed an orc warlord
  7940 | Bailey   | Killed an orc warlord
  7943 | Bailey   | Reached skill level 5 in Armour
  7943 | Bailey   | Reached skill level 12 in Stealth
  8009 | Bailey   | Reached skill level 10 in Fighting
  8009 | Bailey   | Reached skill level 13 in Stealth
  8009 | Bailey   | Reached XP level 12. HP: 67/67 MP: 13/13
  8387 | D:9      | Noticed Grum
  8591 | D:9      | Found a staircase to the Lair.
  8631 | D:9      | Killed Grum
  8632 | D:9      | Reached skill level 14 in Stealth
  8703 | D:10     | Entered Level 10 of the Dungeon
  8907 | D:10     | Found Xozit's Island Escapes.
  8915 | D:10     | Bought a scroll of teleportation for 36 gold pieces
  8915 | D:10     | Bought a potion of invisibility for 96 gold pieces
  8915 | D:10     | Bought a potion of flight for 36 gold pieces
  9042 | D:10     | Found an ancient bone altar of Kikubaaqudgha.
  9045 | D:10     | Reached ****** piety under Trog
  9117 | D:10     | Found a stormy altar of Qazlal.
  9130 | D:10     | Received a gift from Trog
  9352 | D:11     | Reached skill level 1 in Ranged Weapons
  9413 | D:9      | Noticed Prince Ribbit
  9420 | D:9      | Killed Prince Ribbit
  9462 | Lair:1   | Entered Level 1 of the Lair of Beasts
  9983 | Lair:1   | Reached XP level 13. HP: 60/73 MP: 14/14
 10286 | Lair:2   | Reached skill level 15 in Stealth
 11194 | Lair:3   | Found a staircase to the Snake Pit.
 11358 | Lair:3   | Reached skill level 16 in Stealth
 11705 | Lair:3   | Found a staircase to the Swamp.
 12323 | Lair:4   | Reached XP level 14. HP: 79/79 MP: 15/15
 12337 | Lair:4   | Found a staircase to the Slime Pits.
 12583 | Lair:4   | Reached skill level 17 in Stealth
 13001 | Lair:4   | Received a gift from Trog
 13068 | Lair:5   | Entered Level 5 of the Lair of Beasts
 13148 | Lair:5   | Reached skill level 5 in Dodging
 13680 | Lair:5   | Reached skill level 18 in Stealth
 14259 | Lair:5   | Reached skill level 19 in Stealth
 14287 | Lair:5   | Identified the ring of Youthful Indiscretion {rF+ Will+}
 14603 | D:11     | Gained mutation: Your flesh is heat resistant. (rF+) [a
                  | neqoxec]
 14883 | D:11     | Found a transporter.
 14928 | D:11     | Found a bloodstained altar of Trog.
 14928 | D:11     | Found a transporter.
 14937 | D:11     | Noticed Qoureejo's ghost (journeyman GnWn)
 15087 | D:11     | Reached XP level 15. HP: 57/85 MP: 16/16
 15257 | D:11     | Found a staircase to the Orcish Mines.
 15540 | Orc:1    | Entered Level 1 of the Orcish Mines
 15556 | Orc:1    | Received a gift from Trog
 15696 | Orc:1    | Found Ocupp's General Store.
 15700 | Orc:1    | Bought a scroll of enchant weapon for 90 gold pieces
 16291 | Orc:2    | Entered Level 2 of the Orcish Mines
 16402 | Orc:2    | Found a staircase to the Elven Halls.
 16446 | Orc:2    | Reached skill level 20 in Stealth
 16604 | Orc:1    | Received a gift from Trog
 16742 | Orc:2    | Found Iriliet's Book Emporium.
 16923 | Orc:2    | Found Hoblaefau's General Store.
 17246 | Orc:2    | Found Munlog's Weapon Shop.
 17246 | Orc:2    | Found Hasune's Magic Scroll Shoppe.
 17248 | Orc:2    | Found Ediarossu's Antique Armour Emporium.
 17250 | Orc:2    | Found Mioz's Weapon Boutique.
 17402 | D:12     | Noticed Frances
 17411 | D:12     | Killed Frances
 17412 | D:12     | Reached skill level 1 in Shields
 17634 | D:12     | Noticed Kirke
 17667 | D:12     | Killed Kirke
 17881 | D:12     | Identified the +10 short sword of Compulsion {flame, rC+
                  | rN+++ rCorr MP-9} (Trog gifted it to you on level 12 of the
                  | Dungeon)
 17881 | D:12     | Received a gift from Trog
 17891 | D:12     | Reached skill level 5 in Shields
 18071 | D:12     | Noticed Sonja
 18189 | D:12     | Killed Sonja
 18643 | D:13     | Reached XP level 16. HP: 56/91 MP: 17/17
 18732 | D:13     | Found a gate to the Vaults.
 18762 | D:13     | Found a shadowy altar of Dithmenos.
 19164 | D:14     | Found a runed translucent gate.
 19164 | D:14     | Found a runed translucent gate.
 19164 | D:14     | Found a runed translucent gate.
 19285 | D:14     | Noticed Rupert
 19324 | D:14     | Noticed Iryleih's ghost (journeyman MiFi)
 19325 | D:14     | Noticed a rockslime
 19327 | D:14     | Found a viscous altar of Jiyva.
 19351 | D:14     | Killed Rupert
 19430 | D:14     | Reached skill level 10 in Shields
 19819 | D:14     | Identified the amulet of Waiby {Reflect Str+4 SH+5}
 20062 | D:14     | Found Ibirygha's Assorted Antiques.
 20080 | D:14     | Noticed Nessos
 20083 | D:14     | Killed Nessos
 20407 | D:14     | Received a gift from Trog
 20592 | D:15     | Entered Level 15 of the Dungeon
 20623 | D:15     | Found a gate leading to a gauntlet.
 20632 | Gauntlet | Entered a Gauntlet
 20632 | Gauntlet | Found a transporter.
 20632 | Gauntlet | Found a transporter.
 20636 | Gauntlet | Found a transporter.
 20636 | Gauntlet | Found a transporter.
 20649 | Gauntlet | Found a transporter.
 20658 | Gauntlet | Found a transporter.
 20666 | Gauntlet | Found a transporter.
 20668 | Gauntlet | Found a transporter.
 20668 | Gauntlet | Found a transporter.
 20674 | Gauntlet | Found a transporter.
 20710 | Gauntlet | Found a transporter.
 20728 | Gauntlet | Found a transporter.
 20774 | Gauntlet | Found a transporter.
 20788 | Gauntlet | Found a transporter.
 20891 | Gauntlet | Found a transporter.
 20905 | Gauntlet | Found a transporter.
 21090 | Gauntlet | Identified the ring of Ylukk {Fire MP-9 SInv Stlth+}
 21134 | Gauntlet | Identified the ring "Tinaniurch" {Wiz rPois Dex+5}
 21192 | Gauntlet | Identified the +1 kite shield of the Wilderness {MP+9}
 21192 | Gauntlet | Identified the ring of the Voivode {MP+9 AC+4}
 21233 | Gauntlet | Identified the +0 ring mail of Subjectivity {Str+3}
 21237 | Gauntlet | Identified the +2 robe of Hyetromio {Rampage Int+2}
 21270 | D:15     | Found a staircase to the Depths.
 21479 | Swamp:1  | Entered Level 1 of the Swamp
 22269 | Swamp:2  | Noticed a thorn hunter
 22272 | Swamp:2  | Killed a thorn hunter
 22304 | Swamp:2  | Noticed Mlioglotl
 22334 | Swamp:2  | Killed Mlioglotl
 22396 | Swamp:2  | Reached XP level 17. HP: 96/96 MP: 18/18
 22515 | Swamp:2  | Found a snail-covered altar of Cheibriados.
 22603 | Swamp:2  | Noticed Donald
 22613 | Swamp:2  | Killed Donald
 22638 | Swamp:2  | Reached skill level 21 in Stealth
 24117 | Orc:2    | Bought the +10 tower shield of Ignorance {rN+ Int-4} for
                  | 1661 gold pieces
 24117 | Orc:2    | Found the +10 tower shield of Ignorance {rN+ Int-4}
 24488 | Swamp:4  | Entered Level 4 of the Swamp
 24721 | Swamp:4  | Received a gift from Trog
 24953 | Swamp:4  | Noticed Mara
 24964 | Swamp:4  | Killed Mara
 24972 | Swamp:4  | Reached skill level 15 in Shields
 25103 | Swamp:4  | Found a blossoming altar of Fedhas.
 25146 | Swamp:4  | Reached XP level 18. HP: 91/102 MP: 19/19
 25187 | Swamp:4  | Found a basalt altar of Yredelemnul.
 25206 | Swamp:4  | Got a decaying rune of Zot
 25514 | Snake:1  | Entered Level 1 of the Snake Pit
 25545 | Snake:1  | Noticed Josephine
 25573 | Snake:1  | Killed Josephine
 25802 | Snake:1  | Identified the +1 ring mail of the Louse {-Tele rPois rF+
                  | Str+3}
 25945 | Snake:1  | You fall into a shaft and drop 1 floor!
 25965 | Snake:2  | Noticed Saint Roka
 26003 | Snake:2  | Killed Saint Roka
 26031 | Snake:2  | Received a gift from Trog
 26099 | Snake:2  | Reached skill level 15 in Fighting
 26269 | Snake:2  | Noticed Louise
 26274 | Snake:2  | Noticed Vashnia
 26276 | Snake:2  | Killed Louise
 26406 | Snake:2  | Killed Vashnia
 27417 | Snake:3  | Found Nues's Jewellery Emporium.
 27421 | Snake:3  | Found Noatog's Book Boutique.
 27422 | Snake:3  | Found Torphola's Jewellery Emporium.
 27635 | Snake:3  | Received a gift from Trog
 27758 | Snake:4  | Entered Level 4 of the Snake Pit
 27977 | Snake:4  | Reached skill level 22 in Stealth
 28004 | Snake:4  | Found Ditas's Book Shop.
 28539 | Snake:4  | Reached XP level 19. HP: 111/111 MP: 20/20
 28877 | Snake:4  | Got a serpentine rune of Zot
 29173 | Snake:1  | Received a gift from Trog
 29292 | Snake:1  | Identified the +3 quarterstaff of Xom's Whim {protect,
                  | Str+4}
 29677 | Vaults:1 | Entered Level 1 of the Vaults
 29799 | Vaults:1 | You fall into a shaft and drop 1 floor!
 30175 | Vaults:1 | Received a gift from Trog
 30951 | Vaults:2 | Found a staircase to the Crypt.
 30951 | Vaults:2 | Found a basalt altar of Yredelemnul.
 30951 | Vaults:2 | Found an ancient bone altar of Kikubaaqudgha.
 30980 | Vaults:2 | Identified the +10 great mace "Zouczias" {elec, rN+ Dex+3}
 31041 | Vaults:2 | Received a gift from Trog
 31097 | Vaults:2 | Reached XP level 20. HP: 109/119 MP: 21/21
 31119 | Vaults:2 | Identified the +1 ring mail of Gallantry {rC+ Slay+3}
 31487 | Vaults:2 | Reached skill level 10 in Armour
 31501 | Vaults:2 | Reached skill level 23 in Stealth
 31704 | Vaults:2 | Received a gift from Trog
 32925 | Vaults:3 | Received a gift from Trog
 33800 | Vaults:4 | Identified the +7 trident of the Enfolding Coward {spect,
                  | Drain Int+3 Dex+4}
 33996 | Vaults:4 | Identified the +3 ring mail "Zatawkom" {rElec Will- Str+3
                  | SInv}
 34101 | Vaults:4 | Identified the +10 war axe of Fobuf {venom, rC+ Dex+3}
 34225 | Vaults:4 | Reached XP level 21. HP: 123/125 MP: 22/22
 34316 | Vaults:4 | Found a transporter.
 34462 | Vaults:4 | Received a gift from Trog
 34481 | Vaults:4 | Found Ulysaet's Jewellery Shoppe.
 34659 | Vaults:4 | Found Nicuma Vusk's Weapon Emporium.
 35055 | Vaults:4 | Found a transporter.
 35055 | Vaults:4 | Found a runed translucent door.
 35055 | Vaults:4 | Found a bloodstained altar of Trog.
 35055 | Vaults:4 | Found the necklace of Bloodlust {Fury *Rage Will++ Int-3
                  | Slay+6}
 35244 | Vaults:4 | Identified the +4 great sword "Ihexo" {venom, rPois Str+2
                  | Int+3 Stlth+}
 35245 | Vaults:4 | Identified the +6 plate armour "Ohier" {rPois}
 35746 | D:15     | Noticed Agnes
 35753 | D:15     | Killed Agnes
 35856 | D:15     | Found Etoe's Distillery.
 35864 | D:15     | Bought a potion of invisibility for 104 gold pieces
 35864 | D:15     | Bought a potion of might for 52 gold pieces
 35864 | D:15     | Bought a potion of might for 52 gold pieces
 35923 | D:15     | Found a transporter.
 35927 | D:15     | Noticed brae's ghost (adept HuBe)
 35934 | D:15     | Found a transporter.
 36366 | D:15     | Received a gift from Trog
 36418 | D:15     | Killed brae's ghost
 36420 | D:15     | Identified the +1 helmet of Requpaes {rElec rF- Regen+
                  | Str+3}
 36539 | Depths:1 | Entered Level 1 of the Depths
 36580 | Depths:1 | Found a transporter.
 36584 | Depths:1 | Noticed Sullah's ghost (adept TrMo)
 36679 | Depths:1 | Found a one-way gateway to a ziggurat.
 36684 | Depths:1 | Reached skill level 24 in Stealth
 36821 | Depths:1 | Found a sacrificial altar of Ru.
 36833 | Depths:1 | Found a one-way gate to the infinite horrors of the Abyss.
 36961 | Depths:1 | Identified the ring "Roson" {Fly rF+ rCorr}
 37144 | Depths:2 | Found a gateway to Hell.
 37294 | Depths:2 | Noticed Sojobo
 37308 | Depths:2 | Found a one-way gate leading to the halls of Pandemonium.
 37321 | Depths:2 | Paralysed by an air elemental for 1 turns
 37333 | Depths:2 | Killed Sojobo
 37474 | Depths:2 | Found Matub's Antique Weapon Shoppe.
 37564 | Depths:2 | Found Req Pung's Weapon Shop.
 37677 | Depths:2 | Found Gischoys's Antique Armour Boutique.
 38062 | Depths:3 | Noticed Vv
 38071 | Depths:3 | Found an opulent altar of Gozag.
 38091 | Depths:3 | Killed Vv
 38360 | Depths:3 | Reached XP level 22. HP: 133/133 MP: 23/23
 38406 | Depths:3 | Received a gift from Trog
 38661 | Depths:3 | Noticed a golden dragon
 38679 | Depths:3 | Killed a golden dragon
 39520 | Depths:3 | Found a shimmering blue altar of Sif Muna.
 39731 | Depths:4 | Entered Level 4 of the Depths
 39788 | Depths:4 | Lost intelligence.
 39823 | Depths:4 | Noticed a caustic shrike
 39833 | Depths:4 | Killed a caustic shrike
 39834 | Depths:4 | Found a radiant altar of Vehumet.
 40068 | Depths:4 | Noticed a golden dragon
 40094 | Depths:4 | Killed a golden dragon
 40222 | Depths:4 | Received a gift from Trog
 40529 | Depths:4 | Found a gate to the Realm of Zot.
 41375 | Depths:4 | Reached XP level 23. HP: 139/139 MP: 24/24
 41901 | Elf:1    | Entered Level 1 of the Elven Halls
 41963 | Elf:1    | Found Fera's Assorted Antiques.
 42099 | Elf:1    | Found a portal to a secret trove of treasure.
 42417 | Elf:1    | Found a runed translucent door.
 42445 | Elf:1    | Received a gift from Trog
 42458 | Elf:1    | Noticed Jorgrun
 42462 | Elf:1    | Killed Jorgrun
 43109 | Elf:2    | Received a gift from Trog
 43294 | Elf:2    | Found a runed translucent gate.
 43295 | Elf:2    | Found a runed translucent gate.
 43295 | Elf:2    | Found a runed translucent gate.
 43420 | Elf:2    | Found Jasimpig's Distillery.
 43937 | Elf:3    | Entered Level 3 of the Elven Halls
 44216 | Elf:3    | Found Acvon's Book Shoppe.
 44216 | Elf:3    | Found Laidarph's Distillery.
 44220 | Elf:3    | Found Wawev's Jewellery Shoppe.
 44300 | Elf:3    | Found Jieqowk's General Store.
 44374 | Elf:3    | Identified the +2 dagger of Degoidgh {flame, rPois Dex+3}
                  | (Trog gifted it to you on level 3 of the Elven Halls)
 44374 | Elf:3    | Received a gift from Trog
 44624 | Elf:3    | Reached skill level 15 in Armour
 44752 | Elf:3    | Identified the +10 demon whip of the Battered Ears {flame,
                  | rN+ Will+}
 44752 | Elf:3    | Identified the ring "Bunkosho" {*Corrode +Blink rF- rN+++
                  | Int+6}
 44761 | Elf:3    | Identified the staff of poison "Situst" {Drain rPois Str+4}
 44770 | Elf:3    | Identified the +9 spear "Quskoeho" {heavy, +Blink rPois
                  | rF+}
 44770 | Elf:3    | Found the +4 consecrated labrys {holy, Valiant Fragile Fly
                  | SInv}
 44778 | Elf:3    | Identified the +6 scimitar of Objectivity {holy, rF- Str+4}
 44791 | Elf:3    | Identified the staff of fire "Wemap" {*Slow Fly rPois rF+
                  | Int+5}
 44802 | Elf:3    | Identified the +9 falchion of Deflation {drain, *Rage Int+5
                  | Stlth+}
 44827 | Elf:3    | Identified the amulet "Teexo" {Reflect rElec Str+3 Dex+3
                  | SH+5 SInv}
 44924 | Elf:3    | Identified the +7 short sword of Departure {freeze, Fragile
                  | rCorr Int+2}
 45269 | Crypt:1  | Entered Level 1 of the Crypt
 45327 | Crypt:1  | Found a transporter.
 45345 | Crypt:1  | Received a gift from Trog
 45357 | Crypt:1  | Noticed Kucw's ghost (adept GrFi)
 45361 | Crypt:1  | Noticed Vailuoroe's ghost (veteran GrEE)
 45430 | Crypt:1  | Found a transporter.
 45521 | Crypt:1  | Reached XP level 24. HP: 144/144 MP: 24/24
 45848 | Crypt:1  | Noticed a dread lich
 45863 | Crypt:1  | Killed a dread lich
 46122 | Crypt:1  | Killed Vailuoroe's ghost
 46122 | Crypt:1  | Received a gift from Trog
 46287 | Crypt:1  | Killed Kucw's ghost
 46525 | Crypt:2  | Noticed Bai Suzhen
 46552 | Crypt:2  | Killed Bai Suzhen
 46553 | Crypt:2  | Reached skill level 1 in Evocations
 47054 | Crypt:3  | Entered Level 3 of the Crypt
 47065 | Crypt:3  | Found a staircase to the Tomb.
 47193 | Crypt:3  | Reached skill level 5 in Evocations
 47347 | Crypt:3  | Received a gift from Trog
 48122 | Crypt:3  | Noticed a curse toe
 48140 | Crypt:3  | Killed a curse toe
 48169 | Crypt:3  | Found the amulet of the Four Winds {rN+ Will+++ Clar}
 48552 | Crypt:3  | Identified the +1 pair of gloves "Beffurabb" {*Slow rCorr
                  | SInv Stlth+}
 48671 | Crypt:3  | Noticed an ancient lich
 48700 | Crypt:3  | Killed an ancient lich
 48701 | Crypt:3  | Found the +13 scythe of Curses {drain, curses, Drain}
 48958 | Vaults:5 | Entered Level 5 of the Vaults
 48965 | Vaults:5 | Noticed an ancient lich
 49008 | Vaults:5 | Killed an ancient lich
 49031 | Vaults:5 | Reached skill level 10 in Evocations
 49162 | Vaults:5 | Identified the +8 trident of the Everdark {heavy, Dex+3
                  | SInv}
 49162 | Vaults:5 | Identified the amulet "Dyfof" {Acrobat Int+3}
 49164 | Vaults:5 | Identified the +2 falchion of Awil {vamp, Will+ Int+2}
 49165 | Vaults:5 | Identified the +9 great mace of Extremism {heavy, Str+3}
 49165 | Vaults:5 | Identified the ring "Putotzax" {rCorr Dex+4}
 49176 | Vaults:5 | Reached XP level 25. HP: 150/153 MP: 24/24
 49195 | Vaults:5 | Received a gift from Trog
 49265 | Vaults:5 | Identified the ring of Sianneox {Wiz +Blink Dex+3}
 49319 | Vaults:5 | Found the +7 mace of Variability {chaos, chaos arc}
 49652 | Vaults:5 | Received a gift from Trog
 49684 | Vaults:5 | Identified the +8 trident of Defiance {freeze, rF+ Int+5}
 49990 | Vaults:5 | Identified the staff of earth "Bearor" {rF+}
 50123 | Vaults:5 | Identified the +1 scale mail of Rovatugi {Will- Slay+4}
 50181 | Vaults:5 | Received a gift from Trog
 50318 | Vaults:5 | Got a silver rune of Zot
 50335 | Vaults:5 | Identified a scroll of acquirement
 50356 | Vaults:5 | Acquired the +2 Maxwell's thermic engine {flame, freeze,
                  | rev}
 50356 | Vaults:5 | Found the +2 Maxwell's thermic engine {flame, freeze, rev}
 50623 | Orc:1    | Reached XP level 26. HP: 158/158 MP: 24/24
 50624 | Orc:1    | Bought a box of beasts for 480 gold pieces
 51523 | Zot:1    | Entered Level 1 of the Realm of Zot
 51591 | Zot:1    | Reached skill level 5 in Long Blades
 52219 | Elf:1    | You paid a toll of a +10 demon whip to enter a treasure
                  | trove
 52220 | Trove    | Entered a treasure trove
 52222 | Trove    | Found the +2 cloak of the Thief {*Fog Slay-2 SInv Stlth+}
 52223 | Trove    | Found the +4 skin of Zhor {*Englaciate rC+++ SInv}
 52228 | Trove    | Identified the +2 buckler of Fecec {rN+}
 52229 | Trove    | Identified the +0 pair of gloves "Baluschod" {+Inv rF+
                  | Str+6}
 52231 | Trove    | Identified the +2 pair of gloves "Amel" {Harm Will- Regen+}
 52232 | Trove    | Identified the +0 chain mail "Wime" {Stlth+}
 52234 | Trove    | Identified the +1 ring mail "Cacimp" {Str+4}
 52238 | Trove    | Identified the scarf of the Enchanting Gods {rC+ rF+,
                  | Str+3}
 52240 | Trove    | Identified the +2 cloak of Qiajorro {Contam rPois Str+6}
 52254 | Trove    | Identified the +0 chain mail of Pijedwiagg {rPois Slay-3
                  | SInv}
 53574 | Zot:1    | Reached XP level 27. HP: 159/160 MP: 24/24
 54045 | Zot:2    | Received a gift from Trog
 54255 | Zot:2    | Reached skill level 10 in Long Blades
 54326 | Zot:2    | You fall into a shaft and drop 2 floors!
 54577 | Zot:5    | Entered Level 5 of the Realm of Zot
 54609 | Zot:4    | Found the +4 dragonskin cloak
 54609 | Zot:4    | Noticed Tiamat
 54671 | Zot:3    | Reached skill level 15 in Evocations
 54775 | Zot:3    | Killed Tiamat
 55494 | Zot:5    | Found a huge runed gate.
 55494 | Zot:5    | Found a huge runed gate.
 55494 | Zot:5    | Found a huge runed gate.
 55496 | Zot:5    | Found a huge runed gate.
 55497 | Zot:5    | Found a huge runed gate.
 55498 | Zot:5    | Found a huge runed gate.
 55499 | Zot:5    | Found a huge runed gate.
 55499 | Zot:5    | Found a huge runed gate.
 55668 | Zot:5    | Found a huge runed gate.
 55679 | Zot:5    | Found a huge runed gate.
 55680 | Zot:5    | Found a huge runed gate.
 55686 | Zot:5    | Found a huge runed gate.
 55686 | Zot:5    | Found a huge runed gate.
 55686 | Zot:5    | Found a huge runed gate.
 55687 | Zot:5    | Found a huge runed gate.
 55688 | Zot:5    | Found a huge runed gate.
 55696 | Zot:5    | Found a huge runed gate.
 55696 | Zot:5    | Found a huge runed gate.
 55696 | Zot:5    | Found a huge runed gate.
 55703 | Zot:5    | Noticed an orb of fire
 55707 | Zot:5    | Gained mutation: You occasionally lose the ability to read
                  | scrolls when taking damage. [an orb of fire]
 55730 | Zot:5    | Killed an orb of fire
 55792 | Zot:5    | Found a huge runed gate.
 55793 | Zot:5    | Found a huge runed gate.
 55794 | Zot:5    | Found a huge runed gate.
 55795 | Zot:5    | Found a huge runed gate.
 55796 | Zot:5    | Found a huge runed gate.
 55843 | Zot:5    | Lost mutation: You occasionally lose the ability to read
                  | scrolls when taking damage. [potion of mutation]
 55843 | Zot:5    | Lost mutation: Your flesh is heat resistant. (rF+) [potion
                  | of mutation]
 55843 | Zot:5    | Gained mutation: You are resistant to electric shocks.
                  | (rElec) [potion of mutation]
 55843 | Zot:5    | Gained mutation: You are robust. (+10% HP) [potion of
                  | mutation]
 55859 | Zot:5    | Found a huge runed gate.
 55866 | Zot:5    | Found a huge runed gate.
 55866 | Zot:5    | Found a huge runed gate.
 55866 | Zot:5    | Found a huge runed gate.
 55866 | Zot:5    | Found a huge runed gate.
 55866 | Zot:5    | Found a huge runed gate.
 55866 | Zot:5    | Found a huge runed gate.
 55868 | Zot:5    | Found a huge runed gate.
 55869 | Zot:5    | Found a huge runed gate.
 55870 | Zot:5    | Found a huge runed gate.
 55904 | Zot:5    | Found a huge runed gate.
 55904 | Zot:5    | Found a huge runed gate.
 55971 | Zot:5    | Received a gift from Trog
 55997 | Zot:5    | Noticed an orb of fire
 56001 | Zot:5    | Noticed an orb of fire
 56008 | Zot:5    | Noticed an ancient lich
 56013 | Zot:5    | Killed an orb of fire
 56014 | Zot:5    | Noticed a dread lich
 56020 | Zot:5    | Noticed an orb of fire
 56025 | Zot:5    | Killed an orb of fire
 56025 | Zot:5    | Lost mutation: You are robust. (+10% HP) [an orb of fire]
 56028 | Zot:5    | Noticed an ancient lich
 56033 | Zot:5    | Killed an ancient lich
 56037 | Zot:5    | Gained mutation: Your body sometimes deteriorates upon
                  | taking damage. [an orb of fire]
 56042 | Zot:5    | Killed an orb of fire
 56048 | Zot:5    | Killed a dread lich
 56054 | Zot:5    | Killed an ancient lich
 56520 | Zot:5    | Noticed an ancient lich
 56544 | Zot:5    | Killed an ancient lich
 56753 | Zot:5    | Noticed McKennaii's ghost (master DgCj)
 56753 | Zot:5    | Noticed fedoskokos's ghost (veteran MiFi)
 56753 | Zot:5    | Noticed Beclu's ghost (legendary GnSk)
 56753 | Zot:5    | Noticed Flapstick's ghost (legendary HaBe)
 56753 | Zot:5    | Noticed ShutUppercut's ghost (legendary DsGl)
 56753 | Zot:5    | Noticed martbhell's ghost (veteran MiBe)
 56793 | Zot:4    | Killed Flapstick's ghost
 56831 | Zot:4    | Killed martbhell's ghost
 56891 | Zot:4    | Killed ShutUppercut's ghost
 57047 | Zot:4    | Killed Beclu's ghost
 57058 | Zot:4    | Killed fedoskokos's ghost
 57072 | Zot:5    | Noticed Emnejil's ghost (master VSBe)
 57091 | Zot:5    | Killed McKennaii's ghost
 57119 | Zot:5    | Killed Emnejil's ghost
 57204 | Zot:5    | Got the Orb of Zot
 57245 | Zot:5    | Received a gift from Trog
 57352 | Zot:2    | Noticed Seamilih the pandemonium lord
 57361 | Zot:2    | Killed Seamilih the pandemonium lord
 57581 | Depths:3 | Noticed a seraph
 57601 | Depths:3 | Killed a seraph
 57726 | Depths:1 | Found a transporter.
 57729 | Depths:1 | Noticed Asterion
 57747 | Depths:1 | Killed Asterion
 58059 | D:5      | Noticed Zocoa the pandemonium lord
 58059 | D:5      | Noticed an ancient lich
 58084 | D:5      | Killed Zocoa the pandemonium lord
 58088 | D:5      | Killed an ancient lich
 58092 | D:5      | Noticed Weekuf the pandemonium lord
 58198 | D:1      | Noticed Yphui the pandemonium lord
 58228 | D:$      | Escaped with the Orb!

Illustrated notes

Levels and vault maps discovered:
D:1:      sevenhm_arrival_forest_fort_small_4, layout_basic, serial_shops,
          nicolae_shop_back_alley_shop,
          dreamdust_ecumenical_altar_hidden_monk_grotto, kennysheep_minor_cross,
          minmay_misc_feat_four_crosses
D:2:      layout_rooms, serial_undead, serial_undead_a, serial_undead_e,
          serial_undead_f, serial_undead_c, serial_undead_e, serial_undead_c,
          minmay_tripent
D:3:      layout_basic, uniq_crazy_yiuf_cottage
D:4:      layout_basic, nicolae_tso_besieged_by_evil,
          lemuel_coloured_pillars_altar, minmay_temple_entry_enclosed_plants,
          uniq_ijyb
D:5:      layout_basic, grunt_temple_overflow_order_and_chaos_1,
          nzn_wu_jian_council_hall, serial_shops, nicolae_lakefront_shop,
          hangedman_decor_opposing
D:6:      layout_rooms, serial_shops, nicolae_shop_tiny_glass,
          gammafunk_ghost_grave, minmay_ogre_servants, uniq_sigmund,
          uniq_menkaure, uniq_edmund, uniq_duvessa
D:7:      layout_basic, nicolae_ossuary_entry_false_entrances
D:8:      layout_basic, grunt_nemelex_the_gamble, fiery_altar_vehumet
D:9:      layout_long_grid, minmay_lair_entry_grove, enter_bailey_3, uniq_grum,
          uniq_prince_ribbit1
D:10:     layout_roguey, grunt_qazlal_sundering,
          mainiacjoe_overflow_cross_hatched, nicolae_island_escapes
D:11:     layout_small_grid, orc_0_dummy, gammafunk_ghost_wrathful_warriors,
          serial_demonic, serial_demonic_f, serial_demonic_g, serial_demonic_b,
          serial_demonic_f, serial_demonic_g, serial_demonic_f
D:12:     layout_irregular_city, uniq_frances, uniq_sonja, uniq_kirke
D:13:     layout_small_grid, hangedman_vaults_entry_quadrant_bands,
          nicolae_dithmenos_shadow_blocks
D:14:     cheibrodos_ideogram_h, layout_irregular_city, serial_shops,
          nicolae_shop_behind_doors, gammafunk_ghost_ooze, hangedman_batty,
          uniq_rupert, uniq_nessos
D:15:     grunt_enter_depths_giant_problem, layout_long_grid,
          hangedman_decor_lopped, gauntlet_entry_generic, gammafunk_ghost_smash,
          serial_shops, shop, uniq_agnes
Lair:1:   layout_cellular_growth, chequers_serial_rivers_small_a
Lair:2:   layout_roguey, infiniplex_staircase_pool, lemuel_fruit_tree
Lair:3:   layout_gridlike, nicolae_swamp_entry_splash_gauntlet,
          minmay_snake_entry_guardpost_large
Lair:4:   layout_layer_cave, nicolae_slime_entry_slimehenge
Lair:5:   evilmike_catoblepas_cave, layout_concentric_octagons, serial_forest,
          infiniplex_forest_clump_long, infiniplex_forest_straight_2,
          infiniplex_forest_end_2, infiniplex_forest_clump_cross,
          serial_bayou_shore_b
Swamp:1:  layout_basic_swamp, hangedman_swamp_lotus, nicolae_swamp_bunyip_nook
Swamp:2:  layout_basic_swamp, lemuel_altar_in_water, uniq_donald, uniq_mlioglotl
Swamp:3:  layout_falls_marsh, nicolae_swamp_oxbows
Swamp:4:  byrel_swamp_growth_death_and_undeath, layout_basic_swamp, swamp_pool1,
          uniq_mara
Snake:1:  layout_rooms, grunt_ministairs_15, uniq_josephine
Snake:2:  layout_misc_corridors, uniq_saint_roka, uniq_vashnia, uniq_louise
Snake:3:  layout_basic, serial_bayou_pond_c, minmay_shop_grove
Snake:4:  snake_pit, layout_cave_town, serial_shops, shop
Orc:1:    layout_diamond_mine, serial_shops, nicolae_shop_back_alley_shop,
          nicolae_orc_stony_grotto
Orc:2:    st_orc_rangers, layout_caves, serial_shops, nicolae_shop_hallway_plus,
          shop, basic_altar
Elf:1:    nicolae_elf_arrival_fired_up, layout_geoelf_octagon,
          nicolae_trove_entry_isolated, serial_shops, nicolae_shop_dealshenge,
          evilmike_minifort, grunt_ministairs_4, hex_medium, minivault_13,
          uniq_jorgrun
Elf:2:    nicolae_elf_blades_crystal_corner, layout_gridlike, serial_shops,
          nicolae_shop_tiny_real_fake_doors
Elf:3:    elf_hall, layout_gridlike, serial_shops, shop, minmay_shop_star,
          grunt_megastairs_2
Vaults:1: v_misc_3, v_misc_23, vaults_mumra_minichess, v_rooms_2, v_misc_28,
          vaults_room_stairs_pillars, nicolae_vaults_angled_halls,
          nicolae_vaults_wine_cellar, nicolae_vaults_cornered_office,
          layout_vaults_maze
Vaults:2: nicolae_vaults_shipping_containers_7, v_misc_13,
          nicolae_vaults_closet_pinwheel_3, minmay_crypt_entry_necro_gods,
          hangedman_vaults_restitches, nicolae_vaults_theta, v_misc_8,
          nicolae_vaults_double_plus_3, vaults_dpeg_cross,
          ontoclasm_vaults_ring_square, v_misc_1, layout_vaults_omnibox
Vaults:3: nicolae_vaults_offset_grid_hallway_2, vaults_room_pool,
          vaults_dpeg_doors, nicolae_vaults_what_the_h, nicolae_vaults_wrenched,
          ontoclasm_vaults_spin, nicolae_vaults_specimen_jars,
          nicolae_vaults_murder_corner, nicolae_vaults_bisected_exclaves,
          layout_vaults_quadrants
Vaults:4: nicolae_vaults_triangles, emtedronai_trogs_sanctum,
          ontoclasm_vaults_fault, v_misc_28, grunt_vaults_focal,
          nicolae_vaults_circle_grid_a, nicolae_vaults_taking_the_gang_shopping,
          v_misc_18, nicolae_vaults_rhombus_5, v_misc_19,
          hangedman_vaults_slice, nicolae_vaults_diamond_2,
          nicolae_vaults_border_crossing, layout_vaults_big_cross, serial_shops,
          nicolae_shop_stone
Vaults:5: serial_shops
Crypt:1:  layout_rooms, nzn_ghost_randoct, columned_hall_lemuel,
          chequers_big_river
Crypt:2:  layout_misc_corridors, uniq_bai_suzhen
Crypt:3:  due_elkab, layout_chaotic_city, minivault_5
Depths:1: layout_long_grid, enter_ziggurat_c, grunt_hell_entry_dis_grunt,
          gammafunk_ghost_arena, abyss_entry, nicolae_ru_path_of_blood,
          minivault_15, drop_trap, serial_bayou_crossing, uniq_asterion
Depths:2: nicolae_whirlpool, layout_basic, grunt_mini_vestibule,
          minmay_misc_feat_tower, serial_shops, nicolae_shop_real_fake_doors,
          nicolae_shop_pleasant_corner_grove, shop, pan_entry,
          serial_bayou_shore_b, uniq_sojobo
Depths:3: minmay_imperfect_grid, layout_gridville,
          nicolae_abyss_entry_one_way_or_another, serial_co_window_serial,
          co_window_of_opportunity_a, co_window_corner_a, co_window_cross_1,
          co_window_paths_a, co_window_corner_a, co_window_of_opportunity_b,
          co_window_2corner, co_window_broadway_b, co_window_corner_b,
          co_window_2corner, glass_columns_c, glass_columns_a, glass_columns_a,
          glass_columns_c, hell_entry, chequers_serial_rivers_small_3,
          lemuel_statue_altar, drop_trap, grunt_gozag_breadcrumbs, uniq_vv
Depths:4: grunt_x_marks_the_spot, layout_basic, rand_demon_pan_entry_9,
          abandoned_shop, hell_entry, st_stairs_13, grunt_ministairs_7,
          argonaut_fire_from_heaven, serial_bayou_shore_a
Zot:1:    kennysheep_room_grid, layout_cathedral_of_symmetry
Zot:2:    layout_cathedral_of_symmetry
Zot:3:    layout_basic
Zot:4:    layout_cathedral_of_symmetry, uniq_tiamat, uniq_josephina
Zot:5:    layout_cellular_growth, gammafunk_ghost_door_vault

Skill      XL: |  1  2  3  4  5  6  7  8  9 10 11 12 13 14 15 16 17 18 19 20 21 22 23 24 25 26 27 |
---------------+----------------------------------------------------------------------------------+-----
Stealth        | 1 2 3 4 5 6 8 9 11 13 14 16 19 20 21 22 23 24 | 24.6
Fighting       | 3 4 5 6 7 8 10 11 12 13 14 16 17 18 19 20 22 | 22.4
Short Blades   | 3 4 5 6 8 10 | 10.0
Armour         | 2 3 6 7 8 9 10 12 13 15 17 | 17.9
Ranged Weapons | 1 2 |  2.3
Dodging        | 2 4 6 7 9 |  9.6
Shields        | 7 12 15 16 17 18 19 20 21 | 21.0
Evocations     | 10 13 14 19 | 19.3
Long Blades    | 4 8 14 | 14.8

Action                     |  1- 3 |  4- 6 |  7- 9 | 10-12 | 13-15 | 16-18 | 19-21 | 22-24 | 25-27 || total
---------------------------+-------+-------+-------+-------+-------+-------+-------+-------+-------++-------
  Melee: Short sword       |   108 |   202 |   240 |       |       |     6 |       |       |       ||   556
         Bite              |    21 |    53 |   144 |   176 |   739 |   839 |  1220 |  1706 |  1299 ||  6197
         Punch             |     1 |     2 |     6 |     2 |    33 |     3 |       |       |       ||    47
         Dagger            |       |       |    93 |   426 |   309 |     9 |       |    34 |       ||   871
         Rapier            |       |       |    91 |       |       |       |       |       |       ||    91
         Quick blade       |       |       |       |    64 |  1309 |  1825 |  2088 |  2950 |  1497 ||  9733
         Double sword      |       |       |       |       |       |       |       |       |   677 ||   677
   Fire: Arbalest          |       |       |       |       |     1 |       |       |       |       ||     1
 Invoke: Berserk           |     1 |     3 |     5 |     5 |    17 |    12 |     8 |     1 |     7 ||    59
         Trog's Hand       |       |       |       |       |       |     5 |     2 |       |     4 ||    11
         Brothers in Arms  |       |       |       |       |       |     3 |       |       |       ||     3
  Evoke: Wand              |       |       |       |       |     4 |     2 |     5 |     6 |    18 ||    35
         Condenser vane    |       |       |       |       |       |       |       |       |     2 ||     2
         Box of beasts     |       |       |       |       |       |       |       |       |     2 ||     2
    Use: Scroll            |       |       |     5 |     8 |    10 |    14 |     2 |    18 |     9 ||    66
         Potion            |       |       |       |     1 |     1 |     3 |     2 |     3 |     6 ||    16
   Stab: Sleeping          |     8 |     9 |    19 |    13 |    26 |    41 |    95 |    25 |     2 ||   238
         Distracted        |       |       |       |     3 |     4 |     8 |     3 |     3 |     5 ||    26
         Petrified         |       |       |       |       |       |     2 |       |       |       ||     2
         Invisible         |       |       |       |       |       |       |     6 |       |       ||     6
 Armour: Animal skin       |     7 |       |       |       |       |       |       |       |       ||     7
         Robe              |    10 |    19 |    68 |       |       |       |       |       |       ||    97
         Leather armour    |       |       |    52 |   105 |    48 |   138 |   118 |       |       ||   461
         Steam dragon scal |       |       |       |       |   224 |   107 |       |       |       ||   331
         Plate armour      |       |       |       |       |       |       |   102 |    52 |       ||   154
         Gold dragon scale |       |       |       |       |       |       |       |   270 |   612 ||   882
  Dodge: Dodged            |    58 |   107 |   179 |   208 |   625 |   371 |   221 |   147 |   307 ||  2223
         Repelled          |       |       |       |       |    10 |    17 |     8 |    10 |     7 ||    52
  Block: Kite shield       |       |       |       |       |       |   159 |       |       |       ||   159
         Reflection        |       |       |       |       |       |   113 |    94 |    81 |    36 ||   324
         Other             |       |       |       |       |       |     2 |       |       |       ||     2
         Tower shield      |       |       |       |       |       |   960 |  1554 |  1850 |  2023 ||  6387
